 Dungeon Crawl Stone Soup version 0.30-a0-743-gbfdf073431 (webtiles) character file.

Game seed: 18373095741326135570

10 M4edhros the Sneak (level 2, -1/21 HPs)
             Began as an Octopode Delver on Feb 5, 2023.
             Succumbed to a kobold brigand's poison
             ... on level 4 of the Dungeon.
             The game lasted 00:00:40 (116 turns).

M4edhros the Sneak (Octopode Delver)                 Turns: 116, Time: 00:00:41

Health: -1/21      AC:  1    Str: 11    XL:     2   Next: 20%
Magic:  2/2        EV: 13    Int: 12    God:
Gold:   26         SH:  0    Dex: 13    Spells: 1/1 levels left

rFire   . . .      SeeInvis .      - Unarmed
rCold   . . .      Faith    .    (no shield)
rNeg    . . .      Spirit   .    (helmet restricted)
rPois   .          Reflect  .    (no amulet)
rElec   .          Harm     .    (no ring)
rCorr   .          Rampage  .    (no ring)
Will    .....                    (no ring)
Stlth   ++++                     (no ring)
HPRegen 0.23/turn                (no ring)
MPRegen 0.08/turn                (no ring)
                                 (no ring)
                                 (no ring)

@: lethally poisoned (-1 -> -11), hasted, very quick
A: almost no armour, amphibious, 8 rings, camouflage 1, gelatinous body 1,
(nimble swimmer 1), tentacles
a: no special abilities


You were on level 4 of the Dungeon.
You visited 1 branch of the dungeon, and saw 2 of its levels.

You collected 26 gold pieces.

Inventory:

Wands
 e - a wand of digging (3)
Scrolls
 a - a scroll of fog
 b - a scroll of magic mapping
 c - a scroll of fear
 f - a scroll of teleportation {unknown}


   Skills:
 - Level 3.0 Fighting
 - Level 2.0 Dodging
 - Level 6.6 Stealth
 + Level 2.8 Unarmed Combat


You had one spell level left.
You didn't know any spells.
Your spell library was empty.

Dungeon Overview and Level Annotations

Branches:
Dungeon (5/15)
 Temple: D:4-7

Altars:

Annotations:
D:5 1 runed translucent door, M4edhros's ghost, novice OpTm


Innate Abilities, Weirdness & Mutations

You cannot wear most types of armour.
You are amphibious.
You can wear up to eight rings at the same time.
Your skin changes colour to match your surroundings (Stealth+).
Your rubbery body absorbs attacks. (AC +1, EV +1)
((You are camouflaged when in or above water. (Stealth+)))
You have tentacles for arms and can constrict up to eight enemies at once.


Message History

Found a stone staircase leading up.
You see here 13 gold pieces.
You now have 26 gold pieces (gained 13).
You see here an adder corpse.
The quokka bites you.
You tentacle-slap the quokka. You grab the quokka.
The quokka is heavily wounded.
You constrict the quokka. The quokka bites you.
You tentacle-slap the quokka.
You kill the quokka!
The kobold brigand throws a poisoned dart.
The poisoned dart hits you!
You are poisoned.
Okay, then.
You feel very sick.
The kobold brigand throws a poisoned dart.
The poisoned dart hits you!
You are lethally poisoned!
You feel yourself speed up.
You feel very sick.
You miss the kobold brigand. Your grab misses the kobold brigand.
Your squeeze misses the kobold brigand.
You feel sick.
The kobold brigand hits you with a +0 short sword of freezing.
* * * LOW HITPOINT WARNING * * *
The kobold brigand freezes you.
* * * LOW HITPOINT WARNING * * *
You tentacle-slap the kobold brigand. You grab the kobold brigand.
The kobold brigand is lightly wounded.
You constrict the kobold brigand, but do no damage.
* * * LOW HITPOINT WARNING * * *
You feel sick.
You tentacle-slap the kobold brigand. You squeeze the kobold brigand.
The kobold brigand is moderately wounded.
You constrict the kobold brigand.
* * * LOW HITPOINT WARNING * * *
You feel sick. The kobold brigand barely misses you.
You tentacle-slap the kobold brigand. Your squeeze misses the kobold brigand.
The kobold brigand is heavily wounded.
You constrict the kobold brigand.
You die...

##### ######...##
#..#......#
###........# ##
#.........#### .#
#...........##.##
#..##.†....#...#
#.....##.......#...
####.#####<@.......
#.####...##..K.......
#......>.##..........
...........#..........
........#.............
........#.#........###
..........##..##....
....>....###.## ....#
......... .


You could see a kobold brigand.

Vanquished Creatures
  An adder (D:4)
  A quokka (D:4)
2 creatures vanquished.

Vanquished Creatures (others)
  2 plants (D:5)
2 creatures vanquished.

Grand Total: 4 creatures vanquished

Notes
Turn   | Place    | Note
-------+----------+-------------------------------------------
     0 | D:5      | M4edhros the Octopode Delver began the quest for the Orb.
     0 | D:5      | Reached XP level 1. HP: 16/16 MP: 1/1
     5 | D:5      | Noticed M4edhros's ghost (novice OpTm)
    25 | D:5      | Found a runed translucent door.
    34 | D:4      | Noticed a kobold brigand
    44 | D:4      | Reached XP level 2. HP: 9/21 MP: 2/2
   115 | D:4      | HP: 1/21 [poisoned by a kobold brigand]
   116 | D:4      | Succumbed to a kobold brigand's poison

Illustrated notes

Levels and vault maps discovered:
D:4:      layout_cave_pools
D:5:      layout_basic, nicolae_elyvilon_temple_path, okawaru_ov_weapons_minmay,
          serial_shops, kennysheep_little_box, nicolae_square_shop,
          nicolae_shop_bloodbath_and_beyond, nicolae_take_the_stairs, shop,
          hellmonk_ghost_happy_afterlife

Action                     || total
---------------------------++-------
  Melee: Unarmed           ||    12
         Constrict         ||     3
         Tentacles         ||     1
    Use: Potion            ||     1
   Stab: Sleeping          ||     1
  Dodge: Dodged            ||     5

Table legend: (Time is in decaauts)
 A = Elapsed time spent in this place.
 B = Non-inter-level travel time spent in this place.
 C = Inter-level travel time spent in this place.
 D = Time resting spent in this place.
 E = Time spent auto-exploring this place.
 F = Levels seen in this place.
 G = Mean time per level.
                   A        B        C        D        E       F      G
               +--------+--------+--------+--------+--------+-----+--------+
         Total |    114 |    114 |      0 |     55 |      0 |   2 |   57.0 |
       Dungeon |    114 |    114 |      0 |     55 |      0 |   2 |   57.0 |
               +--------+--------+--------+--------+--------+-----+--------+

Top non-repeatable levels by time:
     D:4: 80 daAuts
     D:5: 34 daAuts
